 Dungeon Crawl Stone Soup version 0.29-a0-284-gf9362112df (webtiles) character file.

Game seed: 2746939853895277023

34 brightf1ame the Gusty (level 3, -6/14 HPs)
             Began as a Felid Air Elementalist on Mar 23, 2022.
             Killed from afar by Natasha (10 damage)
             ... with a magic dart
             ... on level 2 of the Dungeon.
             The game lasted 00:30:41 (785 turns).

brightf1ame the Gusty (Felid Air Elementalist)       Turns: 785, Time: 00:30:42

Health: -6/14      AC:  1    Str:  4    XL:     3   Next: 14%
Magic:  7/7        EV: 17    Int: 18    God:
Gold:   61         SH:  5    Dex: 16    Spells: 5/6 levels left
                                        Lives:  0   Deaths: 0

rFire   . . .      SeeInvis +   (weapon unavailable)
rCold   . . .      Faith    .   (shield unavailable)
rNeg    . . .      Spirit   .   (body armour unavailable)
rPois   .          Reflect  +   (helmet unavailable)
rElec   .          Harm     .   (cloak unavailable)
rCorr   .          Rampage  .   (gloves unavailable)
Will    .....                   (boots unavailable)
Stlth   ++........              b - amulet of reflection
HPRegen 0.04/turn               (no ring)
MPRegen 0.10/turn               (no ring)

@: quick
A: very small, claws 1, fangs 3, see invisible, speed 1, shaggy fur 1, stealthy
paws, no weapons or thrown items, no armour, multi-lived
a: no special abilities


You were on level 2 of the Dungeon.
You visited 1 branch of the dungeon, and saw 2 of its levels.

You collected 61 gold pieces.

Inventory:

Missiles
 c - 2 poisoned darts
 e - a throwing net
Jewellery
 b - an amulet of reflection (around neck)
 d - a ring of see invisible
Potions
 a - 2 potions of magic


   Skills:
 + Level 3.0 Dodging
 + Level 2.8 Stealth
 + Level 0.4 Unarmed Combat
 + Level 2.1 Spellcasting
 + Level 0.8 Conjurations
 + Level 3.6 Air Magic


You had 5 spell levels left.
You knew the following spells:

 Your Spells              Type           Power      Damage    Failure   Level
a - Shock                 Conj/Air       36%        1d5       7%          1

Your spell library contained the following spells:

 Spells                   Type           Power      Damage    Failure   Level
 Static Discharge         Conj/Air       9%         N/A       11%         2
 Swiftness                Air            14%        N/A       12%         3
 Airstrike                Air            7%         N/A       38%         4


Dungeon Overview and Level Annotations

Branches:
Dungeon (2/15)

Altars:

Shops:
D:1 =

Annotations:
D:2 Natasha


Innate Abilities, Weirdness & Mutations

You have sharp claws.
You have razor-sharp teeth.
You have supernaturally acute eyesight. (SInv)
You cover ground quickly. (Speed+)
You are covered in fur. (AC +1)
Your paws help you pounce on unaware monsters.
You are incapable of wielding weapons or throwing items.
You cannot wear armour.
You gain extra lives every three experience levels.


Message History

Casting: Shock (safe; 8% risk of failure)
Confirm with . or Enter, or press ? or * to list all spells.
Aiming: Shock (safe; 8% risk of failure)
Press: ? - help, Shift-Dir - straight line, f - endoplasm
Aim: an endoplasm (97% to hit)
The zap hits the endoplasm.
The endoplasm is severely wounded.
The endoplasm jiggles.
Casting: Shock (safe; 8% risk of failure)
Confirm with . or Enter, or press ? or * to list all spells.
Aiming: Shock (safe; 8% risk of failure)
Press: ? - help, Shift-Dir - straight line, f/p - endoplasm
Aim: an endoplasm (severely wounded, 97% to hit)
The zap hits the endoplasm.
You kill the endoplasm!
The zap hits the frilled lizard.
The frilled lizard is heavily wounded.
Casting: Shock (safe; 7% risk of failure)
Confirm with . or Enter, or press ? or * to list all spells.
Aiming: Shock (safe; 7% risk of failure)
Press: ? - help, Shift-Dir - straight line, f - frilled lizard
Aim: a frilled lizard (heavily wounded, 48% to hit)
The zap hits the frilled lizard.
You kill the frilled lizard!
You see here a throwing net.
e - a throwing net You open the door.
There is an open door here.
Natasha, Servant of Life and Death comes into view.
Unknown command.
You are a level 3 Felid Air Elementalist.
You are 14% of the way to level 4.
You'll get an extra life in 0.86 levels' worth of XP.
Play time: 00:30:37 (785 turns).
Zot will find you in 11340 turns if you stay in this branch and explore no new floors.
Natasha hisses angrily.
Natasha casts a spell at you. The magic dart hits you!
Ouch! That really hurt!
You die...

... ..h. ###### ....##....
.........# #.......#
#.......#################
#.......##..............#
#....#..##..............#
##+# #..@.............^.#
####+# #.###..............#
...... #.###....#####.#####
...... #.........<###'####
......###.....#.......†..#
#+#..'.....+..........##
####.#.##.....#...........#
#......##.....#.....###...#
#......#####........###...#


You could see Natasha.

Vanquished Creatures
  A gnoll (D:1)
  2 bats
  4 endoplasms
  3 giant cockroaches (D:1)
  2 goblins
  2 hobgoblins (D:1)
  A ball python (D:1)
  2 frilled lizards
  2 kobolds (D:1)
  3 rats (D:1)
22 creatures vanquished.

Notes
Turn   | Place    | Note
-------+----------+-------------------------------------------
     0 | D:1      | brightf1ame the Felid Air Elementalist began the quest for
                  | the Orb.
     0 | D:1      | Reached XP level 1. HP: 7/7 MP: 4/4
   161 | D:1      | Found Jakear's One-of-a-Kind Rings.
   233 | D:1      | Reached XP level 2. HP: 11/11 MP: 1/6
   703 | D:2      | Reached XP level 3. HP: 6/14 MP: 7/7
   781 | D:2      | Noticed Natasha
   785 | D:2      | Killed from afar by Natasha

Illustrated notes

Levels and vault maps discovered:
D:1:      minmay_arrival_wavy_path, layout_basic, nicolae_shop_unique_rings
D:2:      layout_basic, hellmonk_ecumenical_altar_blasted,
          kennysheep_generic_room_6, uniq_natasha

Skill      XL: |  1  2 |
---------------+-------+-----
Air Magic      | 3 |  3.6
Dodging        | 3 |  3.0
Stealth        | |  2.8
Unarmed Combat | |  0.4
Spellcasting   | |  2.1
Conjurations   | |  0.8

Action                   || total
-------------------------++-------
Melee: Unarmed           ||    45
       Bite              ||     4
 Cast: Shock             ||    24
  Use: Potion            ||     1
       Scroll            ||     1
 Stab: Sleeping          ||     1
Armor: Skin              ||     2
Dodge: Dodged            ||    38
Block: Other             ||     4

Table legend: (Time is in decaauts)
 A = Elapsed time spent in this place.
 B = Non-inter-level travel time spent in this place.
 C = Inter-level travel time spent in this place.
 D = Time resting spent in this place.
 E = Time spent auto-exploring this place.
 F = Levels seen in this place.
 G = Mean time per level.
                   A        B        C        D        E       F      G
               +--------+--------+--------+--------+--------+-----+--------+
         Total |    659 |    290 |    369 |      0 |     53 |   2 |  329.5 |
       Dungeon |    659 |    290 |    369 |      0 |     53 |   2 |  329.5 |
               +--------+--------+--------+--------+--------+-----+--------+

Top non-repeatable levels by time:
     D:1: 571 daAuts
     D:2: 87 daAuts
